 Seeded DCSS version 0.30-a0-364-gf6b3ef1049 (webtiles) character file.

Game seed: 15014602633729108710 (custom seed)

0 purpskrrrp the Sneak (level 1, -8/19 HPs)
             Began as a Hill Orc Delver on Nov 14, 2022.
             Was an Initiate of Beogh.
             Killed from afar by an orc wizard (10 damage)
             ... with a magic dart
             ... on level 5 of the Dungeon.
             The game lasted 00:00:47 (82 turns).

purpskrrrp the Sneak (Hill Orc Delver)                Turns: 82, Time: 00:00:47

Health: -8/19      AC:  3    Str: 14    XL:     1   Next: 0%
Magic:  1/1        EV: 11    Int: 10    God:    Beogh [......]
Gold:   0          SH:  0    Dex: 12    Spells: 0/0 levels left

rFire   . . .      SeeInvis .    a - +0 hand axe
rCold   . . .      Faith    .    (no shield)
rNeg    . . .      Spirit   .    b - +0 leather armour
rPois   .          Reflect  .    (no helmet)
rElec   .          Harm     .    (no cloak)
rCorr   .          Rampage  .    (no gloves)
Will    .....                    (no boots)
Stlth   ++........               (no amulet)
HPRegen 0.23/turn                (no ring)
MPRegen 0.07/turn                (no ring)

@: no status effects
A: no striking features
a: Renounce Religion


You were on level 5 of the Dungeon.
You worshipped Beogh.
Beogh was noncommittal.
You visited 1 branch of the dungeon, and saw 1 of its levels.

Inventory:

Hand Weapons
 a - a +0 hand axe (weapon)
Armour
 b - a +0 leather armour (worn)
Wands
 g - a wand of digging (3)
Scrolls
 c - a scroll of fog
 d - a scroll of magic mapping
 e - a scroll of fear
Potions
 f - a potion of haste


   Skills:
 + Level 3.6 Fighting
 + Level 2.6 Axes
 + Level 1.5 Dodging
 + Level 4.1 Stealth


You couldn't memorise any spells.
You didn't know any spells.
Your spell library was empty.

Dungeon Overview and Level Annotations

Branches:
Dungeon (5/15)
 Temple: D:4-7

Altars:


Message History

You bump into the rock wall.
The orc wizard hits you but does no damage.
You're too confused to move!
You feel less confused. The orc wizard misses you.
You hit the orc wizard but do no damage.
The orc wizard hits you but does no damage.
You closely miss the orc wizard.
The orc wizard gestures at you while chanting.
You are confused.
You barely miss the orc wizard.
The orc wizard hits you with a +1 dagger of freezing.
The orc wizard freezes you.
You bump into the rock wall.
The orc wizard closely misses you.
You hit the orc wizard but do no damage.
The orc wizard hits you with a +1 dagger of freezing.
The orc wizard freezes you.
You bump into the rock wall.
The orc wizard hits you with a +1 dagger of freezing.
The orc wizard freezes you.
You hit the orc wizard.
The orc wizard is moderately wounded.
You feel less confused.
The orc wizard casts a spell.
The orc wizard flickers and vanishes!
You closely miss something. Something hits you but does no damage.
You closely miss something. Something hits you but does no damage.
Something hits you. Something freezes you.
* * * LOW HITPOINT WARNING * * *
You hit something but do no damage. Something hits you.
* * * LOW HITPOINT WARNING * * *
Something freezes you.
* * * LOW HITPOINT WARNING * * *
You miss something.
You hear some strange, mumbled words.
A magic dart appears from out of thin air!
The magic dart hits you!
Ouch! That really hurt!
You die...
Beogh appreciates something's killing of a heretic priest.

#.####.........
#.# #.###.###.
#.# #.##...##
#.# ..#.....#
#.###..##..>##
####......###.##
#.........# ###
#.#######.# #@#
.. #{# #{o# ##.#
)# .. o## .. .#


You could see an orc and a neutral orc priest (wandering).

Vanquished Creatures (others)
  3 orc wizards (D:5)
  6 orcs (D:5)
9 creatures vanquished.

Notes
Turn   | Place    | Note
-------+----------+-------------------------------------------
     0 | D:5      | purpskrrrp the Hill Orc Delver began the quest for the Orb.
     0 | D:5      | Reached XP level 1. HP: 19/19 MP: 1/1
    24 | D:5      | Noticed an orc wizard
    24 | D:5      | Noticed an orc priest
    25 | D:5      | Noticed an orc wizard
    25 | D:5      | Noticed an orc wizard
    27 | D:5      | Became a worshipper of Beogh the Brigand
    28 | D:5      | Noticed an orc wizard
    30 | D:5      | Killed an orc wizard
    37 | D:5      | Killed an orc wizard
    54 | D:5      | Killed an orc wizard
    56 | D:5      | Noticed an orc wizard
    66 | D:5      | Noticed an orc wizard
    82 | D:5      | Killed from afar by an orc wizard

Illustrated notes

Levels and vault maps discovered:
D:5:      layout_loops_corners, nicolae_qazlal_eye_of_the_storm

Action                   || total
-------------------------++-------
Melee: Hand axe          ||    10
Invok: Convert to Beogh  ||     1
Armor: Leather armour    ||     5
Dodge: Dodged            ||     5

Table legend: (Time is in decaauts)
 A = Elapsed time spent in this place.
 B = Non-inter-level travel time spent in this place.
 C = Inter-level travel time spent in this place.
 D = Time resting spent in this place.
 E = Time spent auto-exploring this place.
 F = Levels seen in this place.
 G = Mean time per level.
                   A        B        C        D        E       F      G
               +--------+--------+--------+--------+--------+-----+--------+
         Total |     83 |     83 |      0 |      0 |      0 |   1 |   83.0 |
       Dungeon |     83 |     83 |      0 |      0 |      0 |   1 |   83.0 |
               +--------+--------+--------+--------+--------+-----+--------+

Top non-repeatable levels by time:
     D:5: 83 daAuts
